 Dungeon Crawl Stone Soup version 0.31-a0-240-gb923e448b6 (webtiles) character file.

Game seed: 4065417842922444111

115 qw the Shooter (level 5, -2/30 HPs)
             Began as a Gargoyle Hexslinger on July 11, 2023.
             Slain by a goblin
             ... wielding a +2 dagger of draining
             ... led by Robin
              (3 damage)
             ... on level 3 of the Dungeon.
             The game lasted 00:00:35 (1816 turns).

qw the Shooter (Gargoyle Hexslinger)                Turns: 1816, Time: 00:00:35

Health: -2/30      AC:  7    Str: 12    XL:     5   Next: 0%
Magic:  6/6        EV: 12    Int: 13    God:
Gold:   126        SH:  0    Dex: 14    Spells: 5/6 levels left

rFire   . . .        Y - +1 sling
rCold   . . .        (no shield)
rNeg    + . .        c - +0 robe
rPois   inf          (no helmet)
rElec   +            i - +0 cloak
rCorr   .            (no gloves)
SInv    .            (no boots)
Will    .....        (no amulet)
Stlth   +            (no ring)
HPRegen 0.25/turn    (no ring)
MPRegen 0.10/turn

%: no passive effects
@: no status effects
A: sickness immunity, AC +4, negative energy resistance 1, electricity
resistance, torment resistance 1, petrification resistance
a: no special abilities


You were on level 3 of the Dungeon.
You visited 1 branch of the dungeon, and saw 3 of its levels.

You collected 126 gold pieces.


Innate Abilities, Weirdness & Mutations

You are immune to sickness and miasma.
Your stone body is resilient. (AC +4)
You are immune to poison.
You resist negative energy. (rN+)
You are resistant to electric shocks. (rElec)
You are resistant to unholy torment.
You are immune to petrification.


   Skills:
 - Level 2.0 Fighting
 + Level 4.6 Ranged Weapons
 - Level 1.5 Dodging
 - Level 1.0 Spellcasting
 - Level 2.6 Hexes


You had 5 spell levels left.
You knew the following spells:

 Your Spells              Type           Power      Damage    Failure   Level
a - Slow                  Hex            28%        N/A       10%         1

Your spell library contained the following spells:

 Spells                   Type           Power      Damage    Failure   Level
 Inner Flame              Hex/Fire       4%         N/A       43%         3
 Portal Projectile        Hex/Tloc       8%         N/A       43%         3
 Cause Fear               Hex            3%         N/A       67%         4

Inventory:

Hand Weapons
 Y - a +1 sling (weapon)
Armour
 c - a +0 robe (worn)
 i - a +0 cloak (worn)
Scrolls
 a - a scroll of identify
Potions
 f - a potion of curing
 g - a potion of mutation {unknown}
 h - a potion of enlightenment

Dungeon Overview and Level Annotations

Branches:
Dungeon (3/15)

Altars:

Shops:
D:1 (

Annotations:
D:3 Natasha, Robin


Message History

The bullfrog hits you. x2
A hobgoblin comes into view.
Natasha extends her claws.
Natasha zaps a wand.
Some rock shatters into small pieces.
A goblin comes into view. It is wielding a +2 dagger of draining.
The goblin shouts!
The hobgoblin shouts!
Robin, a hobgoblin and 2 goblins come into view.
Robin is wielding a +0 spear and carrying a wand of flame (21).
You shoot a sling bullet.
Robin shouts!
The sling bullet hits the bullfrog.
The bullfrog is almost dead.
You hear a shout!
The bullfrog hits you.
A hobgoblin comes into view. x2
A goblin comes into view. It is wielding a +0 club.
Robin throws the goblin at you! The bullfrog closely misses you.
The hobgoblin moves out of view.
You shoot a sling bullet.
The sling bullet barely misses the bullfrog.
The bullfrog closely misses you. The hobgoblin hits you.
Robin roars a battlecry!
The goblins go into a battle-frenzy!
The goblin hits you but does no damage.
Natasha zaps a wand.
Some rock shatters into small pieces.
The now-empty wand crumbles to dust.
The bullfrog barely misses you.
You shoot a sling bullet. The sling bullet hits the bullfrog.
You kill the bullfrog!
A goblin comes into view. It is wielding a +0 dagger.
The hobgoblin closely misses you. The goblin hits you with a +0 club.
Your Ranged Weapons skill increases to level 4!
You have reached level 4!
You feel stronger.
You have reached level 5!
You shoot a sling bullet. The sling bullet hits the hobgoblin!
You kill the hobgoblin!
The goblin hits you with a +0 club. Robin throws the goblin at you!
The goblin closely misses you. x2
Natasha mumbles some strange words.
The goblin hits you but does no damage. The goblin barely misses you.
The goblin hits you with a +2 dagger of draining.
You die...

## #.# .# .#
#.#+##. .
.###..... ..
#..#.... ...
#..#..! g...
###..... .g...
#.<..#g#.g....
###.##@gg#...
#..ggghg....
####..##....
#5#. ... ..#.#
. #.#.# #.# #
#.# .#


You could see Robin, Natasha, a cerulean imp (summoned), 4 hobgoblins and 5
goblins.

Vanquished Creatures
  A bullfrog (D:3)
  An adder (D:3)
  A worm (D:2)
  4 endoplasms
  3 hobgoblins
  6 kobolds (D:2)
  3 ball pythons
  5 bats
  5 frilled lizards
  4 goblins (D:1)
  11 rats
44 creatures vanquished.

Notes
Turn   | Place    | Note
-------+----------+-------------------------------------------
     0 | D:1      | qw the Gargoyle Hexslinger began the quest for the Orb.
     0 | D:1      | Reached XP level 1. HP: 12/12 MP: 2/2
     0 | D:1      | 0 ||| qw: Version: 0.3-a-52-g30416fa
     0 | D:1      | 0 ||| qw: Game counter: 6024
     0 | D:1      | 0 ||| qw: Melee chars always use a shield: true
     0 | D:1      | 0 ||| qw: God list: Okawaru
     0 | D:1      | 0 ||| qw: Allow faded altars: false
     0 | D:1      | 0 ||| qw: Do Orc after clearing Dungeon:15 true
     0 | D:1      | 0 ||| qw: Do second Lair branch before Depths: true
     0 | D:1      | 0 ||| qw: Lair rune preference: random
     0 | D:1      | 0 ||| qw: Goals: Normal
     0 | D:1      | 0 ||| PLANNING D:1-11
   196 | D:1      | Reached XP level 2. HP: 16/16 MP: 3/3
   500 | D:1      | Found Tiugank's Antique Weapon Shoppe.
   536 | D:1      | Reached skill level 3 in Ranged Weapons
   887 | D:1      | 887 ||| UPGRADING to +0 cloak.
   892 | D:1      | 892 ||| READING 2 scrolls labelled LULIRPH FYTI.
   893 | D:1      | 893 ||| DROPPING scroll of poison.
  1018 | D:2      | Reached XP level 3. HP: 21/21 MP: 4/4
  1454 | D:2      | 1454 ||| Stepping ~*~*~tactically~*~*~ (outnumbered).
  1688 | D:2      | 1688 ||| READING scroll labelled LOLUDO ZOOSAXONNA.
  1689 | D:2      | 1689 ||| READING scroll labelled EBBULUZOLU.
  1690 | D:2      | 1690 ||| DRINKING 2 fuming amethyst potions.
  1730 | D:2      | 1730 ||| DRINKING 2 fuming blue potions.
  1731 | D:2      | 1731 ||| DRINKING 2 emerald potions.
  1732 | D:2      | 1732 ||| DROPPING potion of lignification.
  1805 | D:3      | Noticed Natasha
  1806 | D:3      | Noticed a bullfrog
  1813 | D:3      | Noticed Robin
  1815 | D:3      | Killed a bullfrog
  1815 | D:3      | HP: 4/21 [goblin/+0 club[Robin] (3)]
  1816 | D:3      | Reached skill level 4 in Ranged Weapons
  1816 | D:3      | Reached XP level 4. HP: 5/26 MP: 5/5
  1816 | D:3      | Reached XP level 5. HP: 5/30 MP: 6/6
  1816 | D:3      | HP: 1/30 [goblin/+0 club[Robin] (5)]
  1816 | D:3      | Slain by a goblin

Levels and vault maps discovered:
D:1:      mrwooster_arrival_statue, layout_loops_corners, serial_shops, shop,
          minmay_rat_gold_closets
D:2:      layout_loops_ring, lexackson_kobold_supper
D:3:      layout_basic, uniq_natasha, uniq_jessica, uniq_robin

Skill      XL: |  1  2  3 |
---------------+----------+-----
Ranged Weapons | 3 4 |  4.6
Fighting       | 2 |  2.0
Dodging        | |  1.5
Spellcasting   | |  1.0
Hexes          | |  2.6

Action                     |  1- 3 |  4- 6 || total
---------------------------+-------+-------++-------
   Fire: Sling             |   135 |     1 ||   136
    Use: Scroll            |     3 |       ||     3
         Potion            |     3 |       ||     3
 Armour: Robe              |    29 |     2 ||    31
  Dodge: Dodged            |    57 |     3 ||    60

Table legend:
 A = Non-vault XP
 B = Vault XP
 C = Vault XP percentage of total XP
 D = Non-vault monster count
 E = Vault monster count
 F = Vault count percentage of total count
                 A         B        C        D         E       F
            +---------+---------+-------+---------+---------+-------
      Total |     144 |      23 |  13.8 |      26 |      18 |  40.9
            +---------+---------+-------+---------+---------+-------
        D:1 |      19 |       9 |  32.1 |      14 |       9 |  39.1
        D:2 |      19 |      12 |  38.7 |      10 |       8 |  44.4
        D:3 |     106 |       2 |   1.9 |       2 |       1 |  33.3
            +---------+---------+-------+---------+---------+-------
